Map: Ley Lines

Players

ManlyManMeat

  • Race: Zerg Zerg
  • League: Master
  • Spawn Location: 1:00

therethere - Winner!

  • Race: Protoss Protoss
  • League: Master
  • Spawn Location: 7:00

VOD

Have the link to the VOD?

Description

Time

  • Played on: June 15, 2025, 5:04 p.m.
  • Length: 7:33
Show
View Real Time Build Order
Export as new Build Order

ManlyManMeat Zerg 

Build Orders: Hatch First 

Get SALT Encoding   

  12  0:08  Overlord  
  12  0:13  Drone  
  13  0:18  Drone  
  14  0:26  Drone  
  15  0:29  Drone  
  16  0:40  Drone  
  17  0:51  Hatchery  
  17  0:55  Drone  
  17  1:02  Drone  
  18  1:12  Spawning Pool  
  18  1:16  Extractor  
  18  1:18  Drone  
  17  1:23  Drone  
  18  1:34  Drone  
  19  2:01  Spine Crawler  
  19  2:03  Queen  
  21  2:09  Spore Crawler  
  21  2:15  Drone x3  
  22  2:31  Roach Warren  
  21  2:38  Spine Crawler  
  21  2:40  Spine Crawler, Spawning Pool  
  18  2:58  Zergling x6  
  21  3:24  Drone  
  21  3:25  Overlord  
  21  3:53  Spine Crawler, Queen  
  20  4:20  Spine Crawler  
  20  4:21  Drone x3  
  20  4:22  Spine Crawler  
  19  4:41  Queen  
  21  5:17  Queen  
  21  5:20  Spine Crawler  
  22  5:22  Drone x2  
  24  5:39  Drone  
  24  5:40  Drone, Spine Crawler  
  24  5:42  Spine Crawler x2  
  23  5:58  Drone x2  
  25  6:34  Queen  
  25  6:39  Spine Crawler  
  26  6:40  Spine Crawler  
  25  6:57  Drone  
  25  6:58  Drone x2  
Show
View Real Time Build Order
Export as new Build Order

therethere Protoss - Winner!

Build Orders: Cannon Rush 

Get SALT Encoding   

  12  0:00  Probe  
  13  0:12  Probe  
  14  0:21  Pylon  
  14  0:24  Probe  
  15  0:39  Forge  
  15  0:40  Probe  
  16  0:53  Probe  
  17  1:06  Pylon  
  17  1:08  Pylon  
  17  1:24  Photon Cannon  
  17  1:28  Photon Cannon  
  17  1:34  Pylon  
  17  1:39  Probe  
  18  1:53  Photon Cannon  
  18  1:57  Gateway  
  18  2:06  Photon Cannon  
  18  2:14  Pylon  
  18  2:26  Photon Cannon  
  19  2:33  Photon Cannon  
  18  2:46  Photon Cannon  
  18  2:49  Zealot  
  20  2:57  Pylon  
  20  3:08  Cybernetics Core  
  20  3:15  Cybernetics Core  
  20  3:19  Zealot  
  22  3:34  Gateway  
  22  3:44  Gateway  
  22  3:55  Zealot  
  24  3:57  Probe  
  24  3:58  Assimilator  
  24  3:59  Assimilator  
  23  4:06  Shield Battery  
  22  4:22  Probe  
  23  4:28  Warp Gate  
  21  4:42  Stalker  
  21  4:43  Stalker  
  21  4:47  Zealot  
  27  5:12  Zealot  
  27  5:13  Stalker x2  
  33  5:32  Shield Battery  
  33  5:34  Shield Battery  
  33  5:47  Robotics Facility  
  31  6:05  Probe  
  32  6:14  Gateway  
  30  6:28  Immortal  
  30  6:31  Stalker x2  
  36  6:51  Probe  
  37  6:57  Zealot  
  37  6:58  Zealot  
  37  7:21  Stalker  
  37  7:22  Stalker  
Tags
 
Add a new tag
Caveats
  • Supply blocks, unpowered buildings, or Contaminate may cause inaccurate times.
  • Supply counts are checked every 10 seconds.